 Dungeon Crawl Stone Soup version 0.31.0 (webtiles) character file.

Game seed: 12362719916896035467

71 qw the Shooter (level 4, -2/28 HPs)
             Began as a Gargoyle Hunter on Jan 19, 2024.
             Killed from afar by Sigmund (8 damage)
             ... with a puff of flame
             ... on level 2 of the Dungeon.
             The game lasted 00:00:07 (1325 turns).

qw the Shooter (Gargoyle Hunter)                    Turns: 1325, Time: 00:00:07

Health: -2/28      AC: 11    Str: 15    XL:     4   Next: 24%
Magic:  4/4        EV: 11    Int:  9    God:
Gold:   70         SH:  0    Dex: 15    Spells: 3/3 levels left

rFire   . . .        a - +0 shortbow
rCold   . . .        (shield currently unavailable)
rNeg    + . .        d - +0 ring mail
rPois   inf          (no helmet)
rElec   +            (no cloak)
rCorr   .            g - +2 pair of gloves
SInv    .            (no boots)
Will    .....        (no amulet)
Stlth   +            (no ring)
HPRegen 0.24/turn    (no ring)
MPRegen 0.09/turn

%: no passive effects
@: no status effects
A: sickness immunity, AC +3, negative energy resistance 1, electricity
resistance, torment resistance 1, petrification resistance
a: no special abilities


You were on level 2 of the Dungeon.
You visited 1 branch of the dungeon, and saw 2 of its levels.

You collected 70 gold pieces.


Innate Abilities, Weirdness & Mutations

You are immune to sickness and miasma.
Your stone body is resilient. (AC +3)
You are immune to poison.
You resist negative energy. (rN+)
You are resistant to electric shocks. (rElec)
You are resistant to unholy torment.
You are immune to petrification.


   Skills:
 - Level 3.0 Fighting
 + Level 5.1 Ranged Weapons
 - Level 1.2 Armour
 - Level 1.5 Dodging
 - Level 1.1 Stealth


You had 3 spell levels left.
You didn't know any spells.
Your spell library was empty.

Inventory:

Hand Weapons
 a - a +0 shortbow (weapon)
Armour
 d - a +0 ring mail (worn)
 g - a +2 pair of gloves (worn)
Jewellery
 c - a ring of ice
Wands
 e - a wand of iceblast (12)
Scrolls
 b - a scroll of teleportation {unknown}
 f - a scroll of acquirement {unknown}
Potions
 h - 2 potions of haste

Dungeon Overview and Level Annotations

Branches:
Dungeon (2/15)

Altars:

Annotations:
D:2 Sigmund


Message History

The quokka is heavily wounded.
The quokka bites you but does no damage.
You shoot an arrow. The arrow hits the quokka!
You kill the quokka!
You shoot an arrow. The arrow hits Sigmund.
Sigmund is lightly wounded.
Sigmund barely misses you.
You shoot an arrow. The arrow closely misses Sigmund.
Sigmund flickers, as though insubstantial.
Sigmund barely misses you.
You shoot an arrow. The arrow hits Sigmund.
Sigmund is moderately wounded.
Sigmund casts a spell at you. The puff of flame hits you.
You shoot an arrow. The arrow closely misses Sigmund.
Sigmund casts a spell.
Sigmund flickers and vanishes!
Deactivating autopickup; reactivate with Ctrl-A.
1303 ||| FLEEEEING.
Something hits you. Something barely misses you.
Something tries to affect you, but you resist.
A magic dart appears from out of thin air!
The magic dart hits you.
You shoot an arrow.
1314 ||| FLEEEEING.
A magic dart appears from out of thin air!
The magic dart hits you.
You are confused.
A magic dart appears from out of thin air!
The magic dart hits you!
You bump into the rock wall.
You feel less confused. Something hits you but does no damage.
You shoot an arrow. Something hits you.
1325 ||| FLEEEEING.
A puff of flame appears from out of thin air!
The puff of flame hits you!
You die...

#..)...# ### ...##
#......#########.##..)..
#...%..#.........#...... .##
#......#..).............
##...###..........>)..........
.....##........#..%{.............
..)#.............................
....#..........##.>..............
....#........<..@...........%....
................#................
...#...........##...............#
...#........#.###..........###..#
.....####.#.#.# ####.#...........
####..# #.#.#.######.###.......##
#..###.#.#..........).......#
#....#.#.######...####......##
#........###........##........


There were no monsters in sight!

Vanquished Creatures
  An adder (D:1)
  A ribbon worm (D:2)
  A bat (D:2)
  2 endoplasms
  2 giant cockroaches (D:1)
  6 goblins
  7 hobgoblins
  7 jackals (D:1)
  3 quokkas
  4 ball pythons
  4 frilled lizards (D:1)
  8 kobolds
  6 rats (D:1)
52 creatures vanquished.

Notes
Turn   | Place    | Note
-------+----------+-------------------------------------------
     0 | D:1      | qw the Gargoyle Hunter began the quest for the Orb.
     0 | D:1      | Reached XP level 1. HP: 12/12 MP: 1/1
     0 | D:1      | 0 ||| qw: Version: 0.3-a-132-g3d54051
     0 | D:1      | 0 ||| qw: Game counter: 230
     0 | D:1      | 0 ||| qw: Melee chars always use a shield: true
     0 | D:1      | 0 ||| qw: God list: Okawaru
     0 | D:1      | 0 ||| qw: Allow faded altars: false
     0 | D:1      | 0 ||| qw: Do Orc after clearing Dungeon:15 true
     0 | D:1      | 0 ||| qw: Do second Lair branch before Depths: true
     0 | D:1      | 0 ||| qw: Lair rune preference: random
     0 | D:1      | 0 ||| qw: Goals: Normal
     0 | D:1      | 0 ||| PLANNING D:1-11
   143 | D:1      | Reached XP level 2. HP: 14/17 MP: 2/2
   608 | D:1      | Reached XP level 3. HP: 21/21 MP: 3/3
   613 | D:1      | Reached skill level 5 in Ranged Weapons
  1013 | D:1      | 1013 ||| UPGRADING to +0 ring mail.
  1023 | D:1      | 1023 ||| DROPPING +0 leather armour.
  1024 | D:1      | 1024 ||| UPGRADING to +2 pair of gloves.
  1029 | D:1      | 1029 ||| READING scroll labelled ILEKESK REUPN.
  1030 | D:1      | 1030 ||| READING 2 scrolls labelled VAOSECE SECAVA.
  1030 | D:1      | 1030 ||| IDENTIFYING sapphire potion
  1031 | D:1      | 1031 ||| READING scroll of identify.
  1031 | D:1      | 1031 ||| IDENTIFYING 2 bubbling white potions
  1032 | D:1      | 1032 ||| DROPPING scroll of butterflies.
  1033 | D:1      | 1033 ||| DROPPING potion of brilliance.
  1059 | D:2      | 1059 ||| STAIRDANCE
  1090 | D:2      | 1090 ||| STAIRDANCE
  1096 | D:1      | Reached skill level 1 in Armour
  1131 | D:2      | Reached XP level 4. HP: 27/27 MP: 4/4
  1182 | D:2      | Reached skill level 3 in Fighting
  1293 | D:2      | Noticed Sigmund
  1303 | D:2      | 1303 ||| FLEEEEING.
  1314 | D:2      | 1314 ||| FLEEEEING.
  1322 | D:2      | HP: 7/28 [something/magic dart (11)]
  1325 | D:2      | 1325 ||| FLEEEEING.
  1325 | D:2      | Killed from afar by Sigmund

Levels and vault maps discovered:
D:1:      nzn_arrival_settlement, layout_basic, minmay_hedge_maze,
          minmay_misc_feat_cross, st_stairs_1
D:2:      layout_rooms, shapermc_ecumenical_altar_flowoftime, uniq_sigmund

Skill      XL: |  1  2  3  4 |
---------------+-------------+-----
Ranged Weapons | 5 |  5.1
Armour         | 1 |  1.2
Fighting       | 3 |  3.0
Dodging        | |  1.5
Stealth        | |  1.1

Action                     |  1- 3 |  4- 6 || total
---------------------------+-------+-------++-------
   Fire: Shortbow          |   162 |    27 ||   189
    Use: Scroll            |     3 |       ||     3
 Armour: Leather armour    |    35 |       ||    35
         Ring mail         |    13 |    11 ||    24
  Dodge: Dodged            |    62 |     3 ||    65

Table legend:
 A = Non-vault XP
 B = Vault XP
 C = Vault XP percentage of total XP
 D = Non-vault monster count
 E = Vault monster count
 F = Vault count percentage of total count
                 A         B        C        D         E       F
            +---------+---------+-------+---------+---------+-------
      Total |      99 |       3 |   2.9 |      50 |       2 |   3.8
            +---------+---------+-------+---------+---------+-------
        D:1 |      70 |       3 |   4.1 |      36 |       2 |   5.3
        D:2 |      29 |       0 |   0.0 |      14 |       0 |   0.0
            +---------+---------+-------+---------+---------+-------
